 Dungeon Crawl Stone Soup version 0.28.0-53-g5a82cb258f (webtiles) character file.

Game seed: 5606466469772094968

382 ZappyNine the Cudgeller (level 6, -6/40 HPs)
             Began as a Gargoyle Fighter on May 28, 2022.
             Killed by divine providence
             ... invoked by an orc priest
              (11 damage)
             ... on level 4 of the Dungeon.
             The game lasted 00:03:12 (3683 turns).

ZappyNine the Cudgeller (Gargoyle Fighter)          Turns: 3683, Time: 00:03:13

Health: -6/40      AC: 18    Str: 21    XL:     6   Next: 76%
Magic:  6/6        EV:  7    Int:  9    God:
Gold:   134        SH:  4    Dex:  9    Spells: 5/5 levels left

rFire   . . .      SeeInvis .   f - +3 mace
rCold   . . .      Faith    .   c - +0 buckler
rNeg    + . .      Spirit   .   q - +0 chain mail
rPois   ∞          Reflect  .   n - +2 helmet
rElec   +          Harm     .   (no cloak)
rCorr   .          Rampage  .   i - +0 pair of gloves
Will    .....                   (no boots)
Stlth   ..........              (no amulet)
HPRegen 0.13/turn               g - +4 ring of slaying
MPRegen 0.10/turn               (no ring)

@: mighty, hasted, very quick
A: sickness immunity, AC +4, negative energy resistance 1, electricity
resistance, torment resistance 1, petrification resistance
a: no special abilities


You were on level 4 of the Dungeon.
You visited 1 branch of the dungeon, and saw 4 of its levels.

You collected 154 gold pieces.
You spent 20 gold pieces at shops.

Inventory:

Hand Weapons
 a - a +0 flail
 f - a +3 mace (weapon)
Armour
 c - a +0 buckler (worn)
 i - a +0 pair of gloves (worn)
 n - a +2 helmet (worn)
 q - a +0 chain mail (worn)
Jewellery
 g - a +4 ring of slaying (left hand)
Scrolls
 e - a scroll of noise {unknown}
 j - a scroll of immolation {unknown}
 k - a scroll of blinking {unknown}
 l - a scroll of teleportation {unknown}
 m - 4 scrolls of identify
Potions
 o - a potion of magic {unknown}
 p - a potion of invisibility {unknown}


   Skills:
 + Level 5.4 Fighting
 + Level 5.5 Maces & Flails
 + Level 3.5 Armour
 - Level 3.2 Shields


You had 5 spell levels left.
You didn't know any spells.
Your spell library was empty.

Dungeon Overview and Level Annotations

Branches:
Dungeon (4/15)
 Temple: D:4-7

Altars:
Trog
Vehumet

Shops:
D:4 ?


Innate Abilities, Weirdness & Mutations

You are immune to sickness and miasma.
Your stone body is resilient. (AC +4)
You are immune to poison.
You resist negative energy. (rN+)
You are resistant to electric shocks. (rElec)
You are resistant to unholy torment.
You are immune to petrification.


Message History

You kill the orc!
The orc priest mumbles some strange prayers to Beogh against you.
Beogh smites you! You block the ball python's attack.
The ball python grabs you. The ball python constricts you.
You escape the ball python's grasp.
The orc wizard points at you and mumbles some strange words.
You are confused.
A kobold comes into view. It is wielding a +0 short sword.
The kobold shouts!
The kobold throws a stone.
The stone hits you but does no damage.
The orc wizard points at you and mumbles some strange words.
The magic dart hits you but does no damage.
The orc priest calls down the wrath of Beogh upon you.
Beogh smites you!
* * * LOW HITPOINT WARNING * * *
You're too confused to move!
The ball python bites you but does no damage.
The ball python grabs you. The ball python constricts you.
The orc priest begins to cast a cantrip, but forgets the words!
The ball python bites you but does no damage.
The ball python constricts you.
You escape the ball python's grasp.
The orc wizard gestures at you while chanting.
The puff of flame hits you.
* * * LOW HITPOINT WARNING * * *
You feel less confused.
The ball python bites you but does no damage.
The ball python completely misses you.
It was a potion of haste.
You feel yourself speed up. The ball python bites you.
* * * LOW HITPOINT WARNING * * *
The ball python grabs you. The ball python constricts you.
You block the orc wizard's attack.
You escape the ball python's grasp.
A kobold comes into view. It is wielding a +0 dagger.
The kobold shouts!
The kobold throws a stone.
The stone hits you but does no damage.
The orc priest invokes the aid of Beogh against you.
Beogh smites you!
You die...

#####..#..#.....#.#.#### ##
###..........#....... #..
#...†........#....###
##...##.........K..#.#.##
................#......##
.#...##.................#
.....##.###.#...........#
..<.....###.#...........#
..........@.S...........#
##......###.#oo...........
.....#......##.#o..#.####.#
...............#.....# ..
#######..[...........#####
#..........o.......#.
....##...........).#...
######.................
##..........###...


You could see an orc priest, an orc wizard, an orc and a ball python.

Vanquished Creatures
  A bullfrog (D:4)
  2 hounds (D:4)
  A bullfrog skeleton (D:4)
  Natasha (thrice) (D:2)
  5 gnolls
  2 adders (D:2)
  A shadow imp (D:4)
  A worm (D:4)
  4 dart slugs
  An orc (D:4)
  6 ball pythons
  2 endoplasms (D:1)
  4 giant cockroaches
  7 hobgoblins
  4 jackals (D:2)
  5 kobolds
  A quokka (D:4)
  5 bats
  2 frilled lizards
  7 goblins
  7 rats
71 creatures vanquished.

Vanquished Creatures (others)
  A wizard (D:3)
1 creature vanquished.

Grand Total: 72 creatures vanquished

Notes
Turn   | Place    | Note
-------+----------+-------------------------------------------
     0 | D:1      | ZappyNine the Gargoyle Fighter began the quest for the Orb.
     0 | D:1      | Reached XP level 1. HP: 14/14 MP: 1/1
   136 | D:1      | Reached XP level 2. HP: 20/20 MP: 2/2
   139 | D:1      | Found a faded altar of an unknown god.
   699 | D:1      | Reached XP level 3. HP: 2/24 MP: 3/3
  1330 | D:2      | Noticed Natasha
  1451 | D:2      | Killed Natasha
  1452 | D:2      | Reached XP level 4. HP: 10/30 MP: 4/4
  1737 | D:2      | Noticed Natasha
  1752 | D:2      | Killed Natasha
  1753 | D:2      | Reached XP level 5. HP: 15/34 MP: 5/5
  1894 | D:2      | Noticed Natasha
  1905 | D:2      | Killed Natasha
  2239 | D:2      | Found a radiant altar of Vehumet.
  2349 | D:3      | Found a bloodstained altar of Trog.
  2408 | D:3      | Reached skill level 5 in Fighting
  3093 | D:3      | Noticed a wizard
  3098 | D:3      | Killed a wizard
  3336 | D:4      | Reached skill level 5 in Maces & Flails
  3336 | D:4      | Reached XP level 6. HP: 17/40 MP: 6/6
  3620 | D:4      | Found Tisealur's Magic Scroll Emporium.
  3631 | D:4      | Bought a scroll of identify for 20 gold pieces
  3683 | D:4      | Killed from afar by an orc priest

Illustrated notes

Levels and vault maps discovered:
D:1:      dpeg_arrival_court, layout_basic, ebering_ecumenical_altar_petrified,
          amcnicky_mini_corridor_feature, amcnicky_mini_rare_corridor_liquid,
          minivault_25
D:2:      layout_rooms, basic_altar, minmay_misc_feat_pillars, uniq_natasha
D:3:      layout_loops_cross, trog_wizard
D:4:      layout_rooms, dk_yredelemnul_ordeal, serial_curves, eino_curves_02,
          eino_curves_03, serial_shops, nicolae_shop_crystal,
          minmay_manual_monstrance

Skill      XL: |  1  2  3  4  5 |
---------------+----------------+-----
Fighting       | 4 5 |  5.4
Maces & Flails | 3 5 |  5.5
Armour         | |  3.5
Shields        | |  3.2

Action                   |  1- 3 |  4- 6 || total
-------------------------+-------+-------++-------
Melee: Flail             |    93 |       ||    93
       Mace              |       |   109 ||   109
  Use: Potion            |       |     2 ||     2
Armor: Scale mail        |    44 |    74 ||   118
       Chain mail        |       |     8 ||     8
Dodge: Dodged            |    50 |    63 ||   113
Block: Buckler           |    19 |    26 ||    45
